 Dungeon Crawl Stone Soup version 0.27-a0-1202-ge72e49191c (webtiles) character file.

Game seed: 8952554874925982829

28 27snakeeyes612 the Skirmisher (level 3, 0/34 HPs)
             Began as a Naga Fighter on June 4, 2021.
             Killed from afar by a white imp (4 damage)
             ... with a puff of frost
             ... summoned by Natasha
             ... on level 3 of the Dungeon.
             The game lasted 00:00:53 (1469 turns).

27snakeeyes612 the Skirmisher (Naga Fighter)        Turns: 1469, Time: 00:00:55

Health: 0/34       AC:  4    Str: 19    XL:     3   Next: 12%
Magic:  3/3        EV:  5    Int:  8    God:
Gold:   96         SH:  8    Dex: 10    Spells: 2/2 levels left

rFire    . . .     SeeInvis +   a - +0 war axe
rCold    . . .     Faith    .   c - +0 kite shield
rNeg     . . .     Spirit   .   b - +0 scale mail
rPois    +         Reflect  .   (no helmet)
rElec    .         Harm     .   (no cloak)
rCorr    .         Rampage  .   (no gloves)
Will     .....                  (no barding)
Stlth    ..........             (no amulet)
HPRegen  0.11/turn              (no ring)
MPRegen  0.08/turn              (no ring)

@: slowed, very slow
A: AC +1, large, see invisible, deformed body, poison resistance, slowness 2,
spit poison 1, naga tail 1
a: Spit Poison


You were on level 3 of the Dungeon.
You visited 1 branch of the dungeon, and saw 3 of its levels.

You collected 96 gold pieces.

Inventory:

Hand Weapons
 a - a +0 war axe (weapon)
Armour
 b - a +0 scale mail (worn)
 c - a +0 kite shield (worn)
Scrolls
 e - 3 scrolls of teleportation {unknown}
 h - a scroll of identify {unknown}
 i - a scroll of amnesia {unknown}
 l - a scroll of noise {unknown}
 p - a scroll of holy word {unknown}
 q - a scroll of fear {unknown}
Potions
 d - a potion of might
 f - a potion of lignification {unknown}
 g - a potion of heal wounds {unknown}
 j - 2 potions of mutation {unknown}
 k - a potion of attraction {unknown}
 m - a potion of curing {unknown}
 n - 2 potions of berserk rage {unknown}
 o - a potion of flight {unknown}


   Skills:
 + Level 3.1 Fighting
 + Level 2.5 Axes
 + Level 2.8 Armour
 + Level 0.1 Dodging
 + Level 2.6 Shields


You had 2 spell levels left.
You didn't know any spells.
Your spell library contained the following spells:

 Spells                   Type           Power      Damage    Failure   Level
 Animate Skeleton         Necr           0%         N/A       99%         1
 Apportation              Tloc           0%         N/A       99%         1
 Corona                   Hex            0%         N/A       99%         1
 Summon Small Mammal      Summ           0%         N/A       99%         1


Dungeon Overview and Level Annotations

Branches:
Dungeon (3/15)

Altars:

Shops:
D:1 *

Annotations:
D:3 Natasha


Innate Abilities, Weirdness & Mutations

Your serpentine skin is tough. (AC +1)
You have supernaturally acute eyesight. (SInv)
Armour fits poorly on your strangely shaped body.
Your system is resistant to poisons. (rPois)
You cover ground very slowly.
You can spit poison.
You have a snake-like lower body.


Message History

Natasha, Servant of Life and Death comes into view.
Natasha stares at you and mumbles some strange words.
You feel yourself slow down.
Natasha is nearby!
Natasha stares at you and mumbles some strange words.
The magic dart hits you.
Found a murky emerald potion.
Okay, then.
Natasha casts a spell at you. You resist with some effort. Natasha claws you.
Natasha barely misses you. Natasha casts a spell at you.
You feel as though you will be slow longer.
Natasha casts a spell.
Found a stone staircase leading up.
You closely miss Natasha. You slash the white imp!
You block the white imp's attack. Natasha claws you.
Natasha casts a spell.
The white imp hits you. The white imp freezes you.
You hit Natasha.
Natasha is lightly wounded.
You closely miss the white imp.
The white imp hits you but does no damage.
Natasha casts a spell at you. The magic dart hits you!
The white imp summons a swarm of flies.
Natasha claws you. You block the white imp's attack.
You hit Natasha.
Natasha is lightly wounded.
You hit the white imp but do no damage. x2; You block the white imp's attack.
You block Natasha's attack.
The white imp hits you but does no damage.
Natasha claws you.
* * * LOW HITPOINT WARNING * * *
The white imp gestures at you. The puff of frost hits you.
* * * LOW HITPOINT WARNING * * *
The white imp gestures at you. The puff of frost hits you.
You die...

#.........# #
#.###.....# #
#.# #.(...# #.#
#.....# #.#
#######
#.####### #
####........
...<#!5.5#####..
#..h@.#
......####
#.#..# # #.. #.
#


You could see Natasha and 2 white imps.

Vanquished Creatures
  3 endoplasms
  A giant cockroach (D:3)
  2 goblins
  4 hobgoblins
  A quokka (D:1)
  3 ball pythons (D:1)
  5 bats (D:1)
  A frilled lizard (D:2)
  2 kobolds (D:1)
  3 rats
25 creatures vanquished.

Notes
Turn   | Place    | Note
-------+----------+-------------------------------------------
     0 | D:1      | 27snakeeyes612 the Naga Fighter began the quest for the
                  | Orb.
     0 | D:1      | Reached XP level 1. HP: 21/21 MP: 1/1
   398 | D:1      | Reached XP level 2. HP: 28/28 MP: 2/2
   428 | D:1      | Found Woytaum's Assorted Antiques.
   798 | D:2      | Found a faded altar of an unknown god.
  1245 | D:3      | Reached XP level 3. HP: 27/34 MP: 3/3
  1463 | D:3      | Noticed Natasha
  1469 | D:3      | Killed from afar by a white imp

Illustrated notes

Levels and vault maps discovered:
D:1:      minmay_arrival_widening_spiral_wide, layout_loops_ring, serial_shops,
          shop, minmay_strange_pillars
D:2:      layout_rooms, chequers_ecumenical_altar_island
D:3:      layout_basic, uniq_ijyb, uniq_natasha

Action                   || total
-------------------------++-------
Melee: War axe           ||    64
Armor: Scale mail        ||    33
Dodge: Dodged            ||    13
Block: Kite shield       ||    33

Table legend: (Time is in decaauts)
 A = Elapsed time spent in this place.
 B = Non-inter-level travel time spent in this place.
 C = Inter-level travel time spent in this place.
 D = Time resting spent in this place.
 E = Time spent auto-exploring this place.
 F = Levels seen in this place.
 G = Mean time per level.
                   A        B        C        D        E       F      G
               +--------+--------+--------+--------+--------+-----+--------+
         Total |   1969 |   1865 |    104 |      0 |   1665 |   3 |  656.3 |
       Dungeon |   1969 |   1865 |    104 |      0 |   1665 |   3 |  656.3 |
               +--------+--------+--------+--------+--------+-----+--------+

Top non-repeatable levels by time:
     D:1: 989 daAuts
     D:2: 597 daAuts
     D:3: 382 daAuts
